cohdb
Replays
Latest Replays
All Replays
Popular Replays
Top Player Replays
Match Explorer
How It Works
Community
CoH3 Stats
Reddit
Sign in to upload your games and track your stats! →
Sign in with Steam
Match 39504139
Unlisted
Match 39504139
Overview
Messages
Build Orders
End
Construct Barracks
Engineer Squad
Riflemen Squad
M1 Mortar Team
Riflemen Squad
Mechanized Support Center
Grenade Package
Riflemen Squad
Construct Motor Pool
Construct Medical Station
M8 Greyhound Armored Car
M1918 Browning Automatic Rifles
M24 Chaffee Light Tank
Designate Forward Repair Station
M8 Greyhound Armored Car
Selects Armored Battlegroup
Selects Armored Battlegroup
Selects Veteran Crews
Selects Field Repairs
Selects Strength in Steel
Selects M8 Scott SPG
Field Repairs
Improvised Armor
M8 Greyhound Armored Car
Kanade
Bert1e
猫凪紗
알파카사랑해♥
Amy Meier
haruan
0
0
Comments
sign in to comment!
No comments posted yet!